General information
- name: BNet
- type: Ladder team game (AT/RT)
- host: Battle.net
- saver: TIMG4STRok
map: TurtleRock
- players: 4
- length: 12:21
- speed: Fast
- version: 1.21 W3XP
- replay type:

» download(83 KB)
Players
team 1 (winner)
JohNNy] (
teal | 95 APM | 1177 actions | 12:21)
4 Blademaster
2 Wind Walk
2 Critical Strike
2 Shadow Hunter
1 Hex
1 Healing Wave
» actions
| Assign group hotkey | 61 | |
| Build / train | 39 | |
| ESC pressed | 3 | |
| Enter build submenu | 14 | |
| Enter hero's abilities submenu | 6 | |
| Give item / drop item | 1 | |
| Right click | 561 | |
| Select / deselect | 204 | |
| Select group hotkey | 233 | |
| Use ability | 55 | |
1177 total
» units
| Peon | 11 | |
| Grunt | 4 | |
| Wind Rider | 2 | |
| Raider | 2 | |
19 total
» upgrades
» buildings
| Altar of Storms | 1 | |
| Orc Burrow | 5 | |
| Barracks | 1 | |
| Voodoo Lounge | 2 | |
| Stronghold | 1 | |
| Beastiary | 3 | |
| War Mill | 1 | |
14 total
» build order
00:09 Altar of Storms
00:20 Orc Burrow
00:36 Barracks
01:30 Orc Burrow
02:02 Voodoo Lounge
02:51 Stronghold
04:05 Orc Burrow
06:29 Orc Burrow
06:34 Voodoo Lounge
06:38 Beastiary
07:14 Beastiary
09:32 Orc Burrow
10:00 Beastiary
10:03 War Mill
» items
| Healing Salve | 2 | |
| Lesser Clarity Potion | 1 | |
| Boots of Speed | 1 | |
| Dust of Appearance | 1 | |
| Potion of Healing | 2 | |
| Scroll of Healing | 1 | |
| Scroll of Protection | 1 | |
9 total
x)1.o- (
pink | 128 APM | 1585 actions | 12:21)
3 Archmage
2 Summon Water Elemental
1 Brilliance Aura
2 Mountain King
1 Storm Bolt
1 Thunder Clap
» actions
| Assign group hotkey | 105 | |
| Basic commands | 119 | |
| Build / train | 57 | |
| Enter build submenu | 19 | |
| Enter hero's abilities submenu | 5 | |
| Give item / drop item | 1 | |
| Right click | 522 | |
| Select / deselect | 245 | |
| Select group hotkey | 433 | |
| Use ability | 79 | |
1585 total
» units
| Peasant | 15 | |
| Footman | 11 | |
| Sorceress | 5 | |
| Priest | 1 | |
| Spell Breaker | 3 | |
35 total
» upgrades
| Sorceress Training | 1 | |
| Priest Training | 1 | |
2 total
» buildings
| Farm | 10 | |
| Altar of Kings | 1 | |
| Barracks | 1 | |
| Scout Tower | 1 | |
| Arcane Tower | 1 | |
| Keep | 2 | |
| Lumber Mill | 1 | |
| Arcane Vault | 1 | |
| Arcane Sanctum | 3 | |
21 total
» build order
00:07 Farm
00:08 Altar of Kings
00:20 Barracks
00:36 Farm
00:38 Farm
01:39 Farm
01:55 Scout Tower
02:22 Arcane Tower
04:37 Keep
04:37 Keep
04:40 Lumber Mill
04:46 Farm
04:50 Farm
04:52 Farm
05:08 Arcane Vault
07:13 Arcane Sanctum
07:14 Arcane Sanctum
07:26 Arcane Sanctum
10:31 Farm
10:31 Farm
10:34 Farm
» items
| Scroll of Regeneration | 3 | |
| Lesser Clarity Potion | 3 | |
| Potion of Healing | 1 | |
| Scroll of Town Portal | 1 | |
8 total
team 2 (loser)

»
iggy_the_fisk (
red | 111 APM | 1367 actions | 12:21)
3 Blademaster
2 Wind Walk
1 Critical Strike
1 Shadow Hunter
1 Hex
» actions
| Assign group hotkey | 183 | |
| Basic commands | 7 | |
| Build / train | 43 | |
| Enter build submenu | 13 | |
| Enter hero's abilities submenu | 4 | |
| Give item / drop item | 1 | |
| Remove unit from queue | 2 | |
| Right click | 743 | |
| Select / deselect | 184 | |
| Select group hotkey | 132 | |
| Use ability | 55 | |
1367 total
» units
| Peon | 7 | |
| Grunt | 8 | |
| Raider | 5 | |
| Spirit Walker | 4 | |
24 total
» upgrades
| Berserker Strength | 1 | |
| Spirit Walker Training | 1 | |
| Ensnare | 1 | |
| Pillage | 1 | |
4 total
» buildings
| Altar of Storms | 1 | |
| Orc Burrow | 5 | |
| Barracks | 1 | |
| Voodoo Lounge | 2 | |
| Stronghold | 1 | |
| Beastiary | 1 | |
| Spirit Lodge | 1 | |
| War Mill | 1 | |
13 total
» build order
00:04 Altar of Storms
00:18 Orc Burrow
00:36 Barracks
01:24 Orc Burrow
01:52 Voodoo Lounge
02:04 Voodoo Lounge
03:25 Stronghold
04:46 Orc Burrow
07:02 Beastiary
07:03 Spirit Lodge
07:30 Orc Burrow
10:57 War Mill
10:59 Orc Burrow
» items

»
TIMG4STRok (
purple | 173 APM | 2145 actions | 12:21)
2 Blademaster
1 Wind Walk
1 Critical Strike
1 Shadow Hunter
1 Hex
» actions
| Assign group hotkey | 25 | |
| Basic commands | 37 | |
| Build / train | 38 | |
| Enter build submenu | 11 | |
| Enter hero's abilities submenu | 3 | |
| Right click | 1055 | |
| Select / deselect | 148 | |
| Select group hotkey | 784 | |
| Use ability | 44 | |
2145 total
» units
| Peon | 5 | |
| Grunt | 11 | |
| Troll Batrider | 2 | |
| Troll Witch Doctor | 1 | |
| Raider | 1 | |
20 total
» upgrades
| Berserker Strength | 1 | |
| Ensnare | 1 | |
| Pillage | 1 | |
| Witch Doctor Training | 1 | |
4 total
» buildings
| Altar of Storms | 1 | |
| Orc Burrow | 4 | |
| Barracks | 1 | |
| Voodoo Lounge | 1 | |
| Stronghold | 1 | |
| Beastiary | 1 | |
| Spirit Lodge | 1 | |
| War Mill | 1 | |
11 total
» build order
00:03 Altar of Storms
00:13 Orc Burrow
00:27 Barracks
01:28 Orc Burrow
02:03 Voodoo Lounge
03:49 Stronghold
04:47 Orc Burrow
07:31 Beastiary
09:18 Spirit Lodge
09:38 Orc Burrow
10:28 War Mill
» items
| Healing Salve | 3 | |
| Lesser Clarity Potion | 3 | |
| Scroll of Town Portal | 1 | |
7 total
Chat log
(12:20 / All) TIMG4STRok: gg